 Dungeon Crawl Stone Soup version bcrawl-1.27.3 (webtiles) character file.

Game seed: 18227094111405090230

317427 pasperui the Ducker (level 8, -2/67 HPs)
             Began as a Gnoll Reaver on Sept 27, 2020.
             Was a Priest of Vehumet.
             Slain by a centaur (3 damage)
             ... on level 5 of the Dungeon.
             The game lasted 00:11:48 (2677 turns).

pasperui the Ducker (Gnoll Reaver)                  Turns: 2677, Time: 00:11:50

Health: -2/67      AC:  2    Str: 13    XL:     8   Next: 0%
Magic:  25/25      EV: 16    Int: 20    God:    Vehumet [***...]
Gold:   254        SH:  0    Dex: 13    Spells: 14/18 levels left

rFire    . . .     SeeInvis .   G - +1 spear of Moh Yfil {chaos, rF+ rC+} (curse)
rCold    + + .     Gourm    .   (no shield)
rNeg     . . .     Faith    .   y - +0 robe of Ylyggoso {rPois} (curse)
rPois    +         Spirit   .   (no helmet)
rElec    .         Reflect  .   (no cloak)
rCorr    .         Harm     .   (no gloves)
MR       .....                  (no boots)
Stlth    ++........             (no amulet)
HPRegen  0.21/turn              B - ring "Becyv" {Ice MP+9 Str-3 Int+3} (curse)
MPRegen  0.19/turn              (no ring)

@: no status effects
A: distributed training, fangs 1, strong nose
a: Renounce Religion


You were on level 5 of the Dungeon.
You worshipped Vehumet.
Vehumet was most pleased with you.
You were hungry.

You visited 1 branch of the dungeon, and saw 5 of its levels.
You also visited: Ossuary.

You collected 254 gold pieces.

Inventory:

Hand Weapons
 a - a +0 long sword
 x - the +7 dagger "Kadig" {freeze, *Slow Int+6}
   (You found it on level 4 of the Dungeon)

   It has been specially enchanted to freeze those struck by it, increasing
   damage dealt by approximately one third against foes not resistant or
   susceptible to cold, and potentially slowing cold-blooded foes.
   It affects your intelligence (+6).
   It may slow you when you take damage.
 G - the cursed +1 spear of Moh Yfil (weapon) {chaos, rF+ rC+}
   (You found it on level 5 of the Dungeon)

   Each time it hits an enemy it has a different, random effect.
   It protects you from fire.
   It protects you from cold.
   It has a curse placed upon it.
 I - a cursed -2 club
Missiles
 f - 860 stones (quivered)
 i - 482 bolts
 n - 289 arrows
 z - 260 sling bullets
 A - a throwing net {=f}
Armour
 b - +0 steam dragon scales
 y - the cursed +0 robe of Ylyggoso (worn) {rPois}
   (You found it on level 4 of the Dungeon)

   It protects you from poison.
   It has a curse placed upon it.
 C - a cursed +0 leather armour
 J - a +0 pair of gloves
Magical Staves
 E - an uncursed staff of wizardry {unknown}
Jewellery
 B - the cursed ring "Becyv" (left hand) {Ice MP+9 Str-3 Int+3}
   (You found it on level 3 of the Dungeon)

   [ring of ice]

   It enhances your ice magic.
   It affects your strength (-3).
   It affects your intelligence (+3).
   It makes you vulnerable to fire.
   It protects you from cold.
   It affects your magic capacity (+9).
   It has a curse placed upon it.
Wands
 D - a wand of iceblast (11)
 H - a wand of acid (6)
Scrolls
 d - 6 scrolls of immolation
 g - 3 scrolls of remove curse {unknown}
 h - a scroll of fog {unknown}
 j - a scroll of amnesia {unknown}
 l - 2 scrolls of teleportation {unknown}
 p - a scroll of enchant armour {unknown}
 r - a scroll of magic mapping {unknown}
 s - 6 scrolls of identify
 v - a scroll of enchant weapon {unknown}
 F - a scroll of silence {unknown}
Potions
 c - 2 potions of haste
 k - 2 potions of heal wounds {unknown}
 m - a potion of might {unknown}
 o - 4 potions of degeneration {unknown}
 q - 2 potions of berserk rage {unknown}
 t - 2 potions of flight {unknown}
 u - a potion of ambrosia {unknown}
Comestibles
 e - 3 rations {!d}
 w - 3 chunks of flesh


   Skills:
 + Level 7.1 Fighting
 + Level 2.8 Short Blades
 + Level 7.1 Long Blades
 + Level 2.8 Axes
 + Level 2.8 Maces & Flails
 + Level 2.8 Polearms
 + Level 2.8 Staves
 + Level 2.8 Slings
 + Level 2.8 Bows
 + Level 2.8 Crossbows
 + Level 2.8 Throwing
 + Level 2.8 Armour
 + Level 7.1 Dodging
 + Level 2.8 Stealth
 + Level 2.8 Shields
 + Level 2.8 Unarmed Combat
 + Level 5.8 Spellcasting
 + Level 2.2 Conjurations
 + Level 2.2 Hexes
 + Level 2.2 Charms
 + Level 2.2 Summonings
 + Level 2.2 Necromancy
 + Level 2.2 Translocations
 + Level 2.2 Transmutations
 + Level 2.2 Fire Magic
 + Level 2.2 Ice Magic
 + Level 2.2 Air Magic
 + Level 2.2 Earth Magic
 + Level 2.2 Poison Magic
 + Level 3.1 Invocations
 + Level 2.8 Evocations


You had 14 spell levels left.
You knew the following spells:

 Your Spells              Type           Power        Failure   Level  Hunger
a - Sting                 Conj/Pois      ##..         1%          1    None
b - Conjure Flame         Conj/Fire      ##......     3%          3    ##.....

Your spell library contained the following spells:

 Spells                   Type           Power        Failure   Level  Hunger
 Fulminant Prism          Conj/Hex       ##........   11%         4    ####...
 Iskenderun's Battlesphe  Conj/Chrm      ##......     30%         5    ######.


Dungeon Overview and Level Annotations

Branches:
Dungeon (5/12)
 Temple: D:4-7

Altars:
Cheibriados
Wu Jian


Innate Abilities, Weirdness & Mutations

Your experience applies equally to all skills.
You have very sharp teeth.
Your uncanny sense of smell can sniff out nearby items.


Message History

The arrow hits you.
The centaur shoots an arrow.
The arrow hits you!
The centaur shoots an arrow.
The arrow misses you.
The centaur shoots an arrow.
The arrow hits you.
You puncture the centaur! You freeze the centaur.
The centaur is moderately wounded.
The centaur unwields a +0 shortbow.
The centaur completely misses you.
You hit the centaur.
The centaur flickers and vanishes!
Deactivating autopickup; reactivate with Ctrl-A.
Something hits you. Something barely misses you.
You hit something.
Nothing appears to happen.
Something hits you.
* * * LOW HITPOINT WARNING * * *
Something hits you!
* * * LOW HITPOINT WARNING * * *
You miss something. Something hits you!
* * * LOW HITPOINT WARNING * * *
Something hits you.
* * * LOW HITPOINT WARNING * * *
You closely miss something. Something hits you.
You die...

.# ... ...# ...# #####
####+##..# #....###.##.##..#
#.........'.....# ####
#..{@....#.....##....
............#...........
............#....)......
######################...######
#..#..#..##..###..######)##....
........................)......
..................<............
#..##..........................
.. ##....##..#########..###'###


There were no monsters in sight!

Vanquished Creatures
  An ice beast (D:5)
  An ogre (D:4)
  A crimson imp (D:2)
  A centaur zombie (Ossuary)
  A hound (D:5)
  An orc wizard (D:5)
  An orc priest (D:5)
  5 worker ants
  5 big kobold zombies (Ossuary)
  6 mummies (Ossuary)
  5 adders
  4 gnolls (D:2)
  A river rat (D:3)
  A shadow imp (D:5)
  2 oozes
  An adder zombie (D:5)
  3 worms
  4 dart slugs
  6 leopard geckos
  4 orcs
  2 ball pythons (D:1)
  7 bats
  5 giant cockroaches
  4 hobgoblins
  12 jackals
  15 kobolds
  2 quokkas (D:3)
  2 frilled lizards
  6 goblins (D:1)
  5 hobgoblin zombies (Ossuary)
  A jackal skeleton (D:3)
  4 rats
119 creatures vanquished.

Notes
Turn   | Place    | Note
-------+----------+-------------------------------------------
     0 | D:1      | pasperui the Gnoll Reaver began the quest for the Orb.
     0 | D:1      | Reached XP level 1. HP: 23/23 MP: 6/6
    89 | D:1      | Reached XP level 2. HP: 20/29 MP: 7/7
   241 | D:1      | Reached * piety under Vehumet
   241 | D:1      | Offered knowledge of Sting by Vehumet.
   244 | D:1      | Learned a level 1 spell: Sting
   255 | D:1      | Reached XP level 3. HP: 34/35 MP: 9/9
   302 | D:1      | Reached skill level 5 in Spellcasting
   332 | D:1      | Reached skill level 1 in Invocations
   456 | D:2      | Reached skill level 1 in Short Blades
   456 | D:2      | Reached skill level 1 in Axes
   456 | D:2      | Reached skill level 1 in Maces & Flails
   456 | D:2      | Reached skill level 1 in Polearms
   456 | D:2      | Reached skill level 1 in Staves
   456 | D:2      | Reached skill level 1 in Slings
   456 | D:2      | Reached skill level 1 in Bows
   456 | D:2      | Reached skill level 1 in Crossbows
   456 | D:2      | Reached skill level 1 in Throwing
   456 | D:2      | Reached skill level 1 in Armour
   456 | D:2      | Reached skill level 1 in Stealth
   456 | D:2      | Reached skill level 1 in Shields
   456 | D:2      | Reached skill level 1 in Unarmed Combat
   456 | D:2      | Reached skill level 1 in Evocations
   456 | D:2      | Reached XP level 4. HP: 38/41 MP: 11/11
   629 | D:2      | Reached skill level 1 in Conjurations
   629 | D:2      | Reached skill level 1 in Hexes
   629 | D:2      | Reached skill level 1 in Charms
   629 | D:2      | Reached skill level 1 in Summonings
   629 | D:2      | Reached skill level 1 in Necromancy
   629 | D:2      | Reached skill level 1 in Translocations
   629 | D:2      | Reached skill level 1 in Transmutations
   629 | D:2      | Reached skill level 1 in Fire Magic
   629 | D:2      | Reached skill level 1 in Ice Magic
   629 | D:2      | Reached skill level 1 in Air Magic
   629 | D:2      | Reached skill level 1 in Earth Magic
   629 | D:2      | Reached skill level 1 in Poison Magic
   651 | D:2      | Reached XP level 5. HP: 16/47 MP: 12/12
   654 | D:2      | Reached ** piety under Vehumet
   655 | D:2      | Offered knowledge of Freeze by Vehumet.
   837 | D:2      | Found an ornate altar of the Wu Jian Council.
  1250 | D:4      | Found a sand-covered staircase.
  1257 | Ossuary  | Entered an ossuary
  1281 | Ossuary  | Reached XP level 6. HP: 18/53 MP: 13/13
  1583 | Ossuary  | Offered knowledge of Conjure Flame by Vehumet.
  1588 | Ossuary  | Learned a level 3 spell: Conjure Flame
  1730 | D:4      | Reached XP level 7. HP: 58/59 MP: 15/15
  1732 | D:4      | Reached *** piety under Vehumet
  1783 | D:4      | Got a bloodstained dagger
  1784 | D:4      | Identified the +7 dagger "Kadig" {freeze, *Slow Int+6} (You
                  | found it on level 4 of the Dungeon)
  1823 | D:4      | Got a crude robe
  1837 | D:4      | Identified the cursed +0 robe of Ylyggoso {rPois} (You
                  | found it on level 4 of the Dungeon)
  1884 | D:3      | Found a faded altar of an unknown god.
  2204 | D:3      | Offered knowledge of Fulminant Prism by Vehumet.
  2256 | D:3      | Found a snail-covered altar of Cheibriados.
  2290 | D:3      | Got a shimmering lapis lazuli ring
  2292 | D:3      | Identified the cursed ring "Becyv" {Ice MP+9 Str-3 Int+3}
                  | (You found it on level 3 of the Dungeon)
  2477 | D:5      | Entered Level 5 of the Dungeon
  2579 | D:5      | Got a transparent spear
  2583 | D:5      | Identified the cursed +1 spear of Moh Yfil {chaos, rF+ rC+}
                  | (You found it on level 5 of the Dungeon)
  2652 | D:5      | Reached XP level 8. HP: 40/67 MP: 16/16
  2676 | D:5      | HP: 2/67 [something (9)]
  2677 | D:5      | Slain by a centaur

Skill      XL: |  1  2  3  4  5  6  7 |
---------------+----------------------+-----
Spellcasting   | 5 |  5.8
Invocations    | 1 2 3 |  3.1
Short Blades   | 1 2 |  2.8
Axes           | 1 2 |  2.8
Maces & Flails | 1 2 |  2.8
Polearms       | 1 2 |  2.8
Staves         | 1 2 |  2.8
Slings         | 1 2 |  2.8
Bows           | 1 2 |  2.8
Crossbows      | 1 2 |  2.8
Throwing       | 1 2 |  2.8
Armour         | 1 2 |  2.8
Stealth        | 1 2 |  2.8
Shields        | 1 2 |  2.8
Unarmed Combat | 1 2 |  2.8
Evocations     | 1 2 |  2.8
Conjurations   | 1 2 |  2.2
Hexes          | 1 2 |  2.2
Charms         | 1 2 |  2.2
Summonings     | 1 2 |  2.2
Necromancy     | 1 2 |  2.2
Translocations | 1 2 |  2.2
Transmutations | 1 2 |  2.2
Fire Magic     | 1 2 |  2.2
Ice Magic      | 1 2 |  2.2
Air Magic      | 1 2 |  2.2
Earth Magic    | 1 2 |  2.2
Poison Magic   | 1 2 |  2.2
Fighting       | 7 |  7.1
Long Blades    | 7 |  7.1
Dodging        | 7 |  7.1

Action                   |  1- 3 |  4- 6 |  7- 9 || total
-------------------------+-------+-------+-------++-------
Melee: Long sword        |   102 |   226 |    18 ||   346
       Bite              |    10 |    26 |    12 ||    48
       Punch             |       |     3 |       ||     3
       Dagger            |       |       |    58 ||    58
       Spear             |       |       |    37 ||    37
 Cast: Sting             |       |       |     2 ||     2
       Conjure Flame     |       |       |     1 ||     1
 Stab: Sleeping          |       |     4 |     4 ||     8
  Eat: Chunk             |     1 |     6 |     5 ||    12
       Ration            |       |     1 |       ||     1
Armor: Steam dragon scal |    27 |    22 |     2 ||    51
       Robe              |       |       |     7 ||     7
Dodge: Dodged            |    87 |   116 |    79 ||   282
Block: Other             |     2 |    13 |     1 ||    16
